 Dungeon Crawl Stone Soup version 0.21.1-1-g345015f (webtiles) character file.

123 zishaf the Slasher (level 5, -10/41 HPs)
             Began as a Barachi Fighter on May 12, 2018.
             Mangled by an ogre
             ... wielding a cursed -2 giant spiked club
              (15 damage)
             ... on level 2 of the Dungeon.
             The game lasted 00:07:55 (1524 turns).

zishaf the Slasher (Barachi Fighter)                Turns: 1524, Time: 00:07:55

Health: -10/41     AC:  8    Str: 18    XL:     5   Next: 7%
Magic:  5/5        EV:  7    Int:  8    God:
Gold:   68         SH:  9    Dex: 12    Spells: 4/4 levels left

rFire    . . .     SeeInvis .   a - +0 long sword
rCold    . . .     Gourm    .   c - +0 shield
rNeg     . . .     Faith    .   b - +0 scale mail
rPois    .         Spirit   .   (no helmet)
rElec    .         Reflect  .   (no cloak)
rCorr    .         Harm     .   (no gloves)
MR       .....                  i - +0 pair of boots (curse)
Stlth    ..........             (no amulet)
HPRegen  0.13/turn              (no ring)
MPRegen  0.09/turn              (no ring)

@: can't hop, slow
A: +LOS, swims, slowness 1, strong legs 1
a: Hop


You were on level 2 of the Dungeon.
You were not hungry.

You visited 1 branch of the dungeon, and saw 3 of its levels.

You collected 68 gold pieces.

Inventory:

Hand Weapons
 a - a +0 long sword (weapon)
Armour
 b - a +0 scale mail (worn)
 c - a +0 shield (worn)
 i - a cursed +0 pair of boots (worn)
Scrolls
 e - a scroll of teleportation {unknown}
 h - 2 scrolls of identify {unknown}
 l - a scroll of remove curse {unknown}
 m - 2 scrolls of amnesia {unknown}
 p - a scroll of blinking {unknown}
Potions
 d - 3 potions of might
 j - a potion of invisibility {unknown}
 k - a potion of agility {unknown}
 n - a potion of brilliance {unknown}
Comestibles
 f - 4 rations


   Skills:
 - Level 3.6 Fighting
 + Level 6.1 Long Blades
 - Level 3.6 Armour
 - Level 3.2 Shields


You had 4 spell levels left.
You didn't know any spells.

Dungeon Overview and Level Annotations

Branches:
Dungeon (3/15)

Altars:
Makhleb
Okawaru
Qazlal
Sif Muna
Xom
The Shining One


Innate Abilities, Weirdness & Mutations

Shadows flee at your approach. (+LOS)
You can swim through water.
You cover ground slowly.
You can hop short distances.


Message History

The ogre is heavily wounded.
The ogre hits you with a giant spiked club!
* * * LOW HITPOINT WARNING * * *
You hit the ogre.
The ogre is heavily wounded.
The ogre hits you with a giant spiked club.
* * * LOW HITPOINT WARNING * * *
You hit the ogre but do no damage.
The ogre is heavily wounded.
You hit the ogre.
The ogre is severely wounded.
You are ready to hop once more.
The ogre barely misses you.
Hop to where?
Press: ? - help, Dir - move target cursor Boing!
You hit the ogre.
The ogre is severely wounded.
The ogre hits you with a giant spiked club!
You die...

#.......# #.........)......##
#.......####......#.........#
#)).....##........#.........#
#)#.#########..#..#.........#
####.#†# #..#..#.........#
.....(.#### #..#..#.........#
(###(#....# #..#..#.........#
.###.#....# #.....#####+#####
..........######@#...#####.#
.....#..........O..........#
.###.#....######.#...#######
..##.#.#### #.#...####
#.##.#..###### #.#......###
#............###..........#
#..####.####..............#
##.##.....##.###..........#
#.#.......#.# #..........#


You could see an ogre.

Vanquished Creatures
  The ghost of Salasann the Caller, a weakling DrSu (D:3)
  3 gnolls (D:2)
  2 adders (D:2)
  A dart slug (D:1)
  3 leopard geckos (D:1)
  3 giant cockroaches (D:2)
  7 goblins
  7 hobgoblins
  5 jackals (D:2)
  10 kobolds
  7 bats
  3 frilled lizards
  5 rats
57 creatures vanquished.

Vanquished Creatures (others)
  A frilled lizard (D:1)
1 creature vanquished.

Grand Total: 58 creatures vanquished

Notes
Turn   | Place    | Note
-------+----------+-------------------------------------------
     0 | D:1      | zishaf the Barachi Fighter began the quest for the Orb.
     0 | D:1      | Reached XP level 1. HP: 18/18 MP: 1/1
   106 | D:1      | Reached skill level 3 in Long Blades
   108 | D:1      | Reached XP level 2. HP: 18/24 MP: 2/2
   193 | D:1      | Found a shimmering altar of Xom.
   299 | D:1      | Reached skill level 4 in Long Blades
   389 | D:1      | Reached XP level 3. HP: 29/29 MP: 3/3
   706 | D:2      | Found a glowing golden altar of the Shining One.
   771 | D:2      | Reached skill level 5 in Long Blades
   771 | D:2      | Reached XP level 4. HP: 35/36 MP: 4/4
   903 | D:2      | Found an iron altar of Okawaru.
  1252 | D:2      | Found a deep blue altar of Sif Muna.
  1253 | D:2      | Found a stormy altar of Qazlal.
  1447 | D:3      | Found a burning altar of Makhleb.
  1459 | D:3      | Noticed Salasann's ghost (weakling DrSu)
  1468 | D:3      | HP: 1/36 [white imp/puff of frost[Salasann's ghost] (10)]
  1476 | D:3      | Noticed an ogre
  1477 | D:3      | Killed Salasann's ghost
  1477 | D:3      | Reached skill level 6 in Long Blades
  1477 | D:3      | Reached XP level 5. HP: 19/41 MP: 5/5
  1524 | D:2      | Mangled by an ogre

Skill      XL: |  1  2  3  4 |
---------------+-------------+-----
Long Blades    | 3 4 5 6 |  6.1
Fighting       | |  3.6
Armour         | |  3.6
Shields        | |  3.2

Action                   |  1- 3 |  4- 6 || total
-------------------------+-------+-------++-------
Melee: Long sword        |    94 |    68 ||   162
 Abil: Hop               |     1 |     2 ||     3
  Use: Potion            |       |     1 ||     1
  Eat: Chunk             |       |     3 ||     3
Armor: Scale mail        |    64 |    40 ||   104
Dodge: Dodged            |    33 |    32 ||    65
Block: Shield            |    53 |    45 ||    98
       Rpst.: Long sword |    12 |    13 ||    25
